 Dungeon Crawl Stone Soup version 0.26-a0-639-g72c4674329 (webtiles) character file.

Game seed: 17660046880336458374

764 Lanoc the Skirmisher (level 7, 0/72 HPs)
             Began as a Troll Delver on Sept 26, 2020.
             Slain by Grinder (6 damage)
             ... on level 3 of the Dungeon.
             The game lasted 00:02:16 (934 turns).

Lanoc the Skirmisher (Troll Delver)                  Turns: 934, Time: 00:02:17

Health: 0/72       AC:  6    Str: 21    XL:     7   Next: 51%
Magic:  6/6        EV: 12    Int:  6    God:
Gold:   43         SH:  0    Dex: 13    Spells: 6/6 levels left

rFire    . . .     SeeInvis .     - Unarmed
rCold    . . .     Faith    .   (no shield)
rNeg     . . .     Spirit   .   a - +0 robe
rPois    .         Reflect  .   (helmet restricted)
rElec    .         Harm     .   (no cloak)
rCorr    .         Rampage  .   (gloves unavailable)
MR       .....                  (boots unavailable)
Stlth    ++........             (no amulet)
HPRegen  0.62/turn              (no ring)
MPRegen  0.10/turn              (no ring)

@: no status effects
A: large, unfitting armour, claws 3, regeneration 1, shaggy fur 1, tough skin 3
a: no special abilities


You were on level 3 of the Dungeon.
You visited 1 branch of the dungeon, and saw 3 of its levels.

You collected 43 gold pieces.

Inventory:

Armour
 a - a +0 robe (worn)
Wands
 f - a wand of digging (3)
 j - a wand of paralysis (7)
Scrolls
 b - a scroll of fog
 c - a scroll of magic mapping
 d - a scroll of fear
 h - a scroll of immolation {unknown}
 i - a scroll of identify {unknown}
 k - a scroll of teleportation {unknown}
Potions
 e - a potion of haste


   Skills:
 + Level 5.5 Fighting
 + Level 5.1 Dodging
 - Level 2.7 Stealth
 - Level 2.0 Unarmed Combat


You had 6 spell levels left.
You didn't know any spells.
Your spell library was empty.

Dungeon Overview and Level Annotations

Branches:
Dungeon (5/15)
 Temple: D:4-7

Altars:

Annotations:
D:3 Grinder


Innate Abilities, Weirdness & Mutations

You are too large for most types of armour.
You have claws for hands.
Your natural rate of healing is unusually fast.
You are covered in fur. (AC +1)
You have extremely tough skin. (AC +3)


Message History

The rat barely misses you.
You scratch the rat. Your claw misses the rat.
The rat is severely wounded.
Grinder hits you.
* * * LOW HITPOINT WARNING * * *
You writhe in agony.
* * * LOW HITPOINT WARNING * * *
The rat misses you.
You barely miss the rat.
The rat is severely wounded.
Grinder misses you. The rat closely misses you.
You closely miss the rat.
The rat is severely wounded.
Grinder completely misses you. The rat misses you.
You barely miss the rat.
The rat is severely wounded.
Grinder hits you.
* * * LOW HITPOINT WARNING * * *
You writhe in agony.
You die...

...........# .
...............$.#.#
.................#.#
...................
................†######.
........................
..............†.†#....#
.................# ..#
..........)....r@# #
..........)†...5.#
o........).......#
§................#
.................#
.................#
.................#
.................#
............$....#


You could see Grinder and a rat.

Vanquished Creatures
  Edmund (D:4)
  An ice beast (D:4)
  2 ogres
  A centaur (D:5)
  2 scorpions
  A centaur skeleton (D:5)
  An iguana (D:5)
  An orc wizard (D:4)
  A worker ant (D:4)
  A hound skeleton (D:5)
  5 adders
  A white imp (D:5)
  2 oozes
  A dart slug (D:3)
  2 leopard geckos
  8 orcs
  A giant cockroach (D:3)
  A goblin (D:3)
  4 hobgoblins
  3 jackals (D:3)
  3 quokkas
  A bat (D:3)
  A rat (D:3)
45 creatures vanquished.

Notes
Turn   | Place    | Note
-------+----------+-------------------------------------------
     0 | D:5      | Lanoc the Troll Delver began the quest for the Orb.
     0 | D:5      | Reached XP level 1. HP: 22/22 MP: 0/0
    14 | D:5      | Reached XP level 2. HP: 13/31 MP: 1/1
    17 | D:5      | Reached XP level 3. HP: 17/37 MP: 2/2
    68 | D:5      | Noticed an ogre
    75 | D:5      | Killed an ogre
    75 | D:5      | Reached XP level 4. HP: 6/48 MP: 3/3
    75 | D:5      | Reached XP level 5. HP: 6/54 MP: 4/4
   163 | D:5      | Noticed a centaur
   173 | D:5      | Killed a centaur
   208 | D:5      | Reached XP level 6. HP: 58/63 MP: 5/5
   426 | D:4      | Noticed an ice beast
   440 | D:4      | Killed an ice beast
   440 | D:4      | Reached skill level 5 in Fighting
   440 | D:4      | Reached XP level 7. HP: 46/72 MP: 6/6
   447 | D:3      | Noticed Grinder
   591 | D:4      | Noticed Edmund
   647 | D:4      | Killed Edmund
   662 | D:4      | Reached skill level 5 in Dodging
   904 | D:3      | Paralysed by Grinder for 6 turns
   934 | D:3      | Slain by Grinder

Illustrated notes

Levels and vault maps discovered:
D:3:      layout_basic, nicolae_dithmenos_through_a_glass_darkly, uniq_grinder
D:4:      layout_basic, kennysheep_generic_room_16, uniq_edmund
D:5:      layout_gridville, grunt_decor_arrowhead, uniq_crazy_yiuf_cottage

Skill      XL: |  1  2  3  4  5  6  7 |
---------------+----------------------+-----
Fighting       | 3 4 5 |  5.5
Dodging        | 2 3 4 5 |  5.1
Stealth        | |  2.7
Unarmed Combat | |  2.0

Action                   |  1- 3 |  4- 6 |  7- 9 || total
-------------------------+-------+-------+-------++-------
Melee: Unarmed           |    17 |    71 |   117 ||   205
       Punch             |     2 |     2 |     3 ||     7
  Use: Potion            |       |       |     1 ||     1
 Stab: Sleeping          |       |     1 |       ||     1
Armor: Robe              |     2 |    20 |    50 ||    72
Dodge: Dodged            |     5 |    38 |   130 ||   173

Table legend: (Time is in decaauts)
 A = Elapsed time spent in this place.
 B = Non-inter-level travel time spent in this place.
 C = Inter-level travel time spent in this place.
 D = Time resting spent in this place.
 E = Time spent auto-exploring this place.
 F = Levels seen in this place.
 G = Mean time per level.
                   A        B        C        D        E       F      G
               +--------+--------+--------+--------+--------+-----+--------+
         Total |    927 |    908 |     19 |    210 |    320 |   3 |  309.0 |
       Dungeon |    927 |    908 |     19 |    210 |    320 |   3 |  309.0 |
               +--------+--------+--------+--------+--------+-----+--------+

Top non-repeatable levels by time:
     D:4: 577 daAuts
     D:5: 226 daAuts
     D:3: 123 daAuts
